Unix NetHack Version 5.0.0-0 post-release - last build May 17 2026 04:57:42 (dc50c8380fa5e20985bfe3072449f57b8d9895ef,branch:main).

Game began 2026-05-21 09:29:29, ended 2026-05-21 11:29:55.

Grufus, lawful female dwarven Valkyrie

  ------
  |..<.|    ---------------------------------      ---------
  |....|   #|...|..|..|..|...@...-. |..|..-.|   ###..>.....-
  |....|   #-...-..|..|..|.....@.|  |..|..|.| #####|.......|
  |.....####|...-----|--|-.......----|-----.| #    |.......|
  |....|   #|........`......S...............- ##   ------- -
  |.....####|...--|---|---SS.....--|-..-|--.| ##
  ------    |...|...|....|@S.....|..|..|..|.| ##
            |...|...|....|SS.....|..|..|..|.| ##
            |...|...|._..|.......----..----..###
            |...|...|..(.|....{.............| ##
            |...|----------.--------|------.+
            |...|.((.|....|.-.(((|...|.+(.-.|
            |...|....|....|.|.!((|...|....|.|
            |...-.(((|....-.|.(((|...|)...|.|
            |...-----------.---------------.|
            |...(...........................|
            ---------------------------------

Grufus the Skirmisher       St:17 Dx:13 Co:20 In:11 Wi:7 Ch:8  Lawful
Dlvl:7  $:54 HP:0(58) Pw:4(4) AC:5  Xp:5 T:3956 

Latest messages:
 An endless stream of snakes pours forth!
 A watchman yells:
 "Hey, stop using that fountain!"
 You miss the water moccasin.
 The water moccasin bites!
 The water moccasin bites!
 The water moccasin just misses!
 The water moccasin bites!
 The water moccasin's bite was poisoned!
 The poison doesn't seem to affect you.
 The water moccasin bites!
 The water moccasin bites!
 What do you want to wear? [*] E
 You are already wearing an amulet.
 Are you sure you want to pray? [yn] (n) y
 You begin praying to Tyr.
 You are surrounded by a shimmering light.
 The water moccasin starts to attack you, but pulls back.
 The water moccasin starts to attack you, but pulls back.
 The water moccasin starts to attack you, but pulls back.
 The water moccasin starts to attack you, but pulls back.
 The water moccasin starts to attack you, but pulls back.
 The water moccasin starts to attack you, but pulls back.
 The water moccasin starts to attack you, but pulls back.
 The water moccasin starts to attack you, but pulls back.
 The water moccasin starts to attack you, but pulls back.
 The water moccasin starts to attack you, but pulls back.
 The water moccasin starts to attack you, but pulls back.
 The water moccasin starts to attack you, but pulls back.
 The water moccasin starts to attack you, but pulls back.
 The water moccasin starts to attack you, but pulls back.
 The water moccasin starts to attack you, but pulls back.
 The water moccasin starts to attack you, but pulls back.
 The water moccasin starts to attack you, but pulls back.
 The water moccasin starts to attack you, but pulls back.
 The water moccasin starts to attack you, but pulls back.
 The water moccasin starts to attack you, but pulls back.
 The water moccasin starts to attack you, but pulls back.
 You finish your prayer.
 You feel that Tyr is well-pleased.
 Your long sword looks as good as new!
 What do you want to take off? [cv or ?*] *
 You were wearing an uncursed spherical amulet.
 The water moccasin bites!
 The water moccasin bites!
 The water moccasin bites!
 The water moccasin bites!
 You die...
 Do you want your possessions identified? [ynq] (y) y
 Do you want to see your attributes? [ynq] (y) q

Inventory:
 Coins    ('$')
  $ - 54 gold pieces
 Amulets  ('"')
  E - an uncursed amulet of flying
  i - an uncursed amulet versus poison
 Weapons  (')')
  F - a +0 crossbow bolt
  G - a +0 crossbow
  b - a +0 dagger (alternate weapon; not wielded)
  a - a +1 dwarvish spear
  C - a blessed +0 long sword (weapon in right hand)
 Armor    ('[')
  v - an uncursed +0 orcish helm (being worn)
  c - an uncursed +3 small shield (being worn)
 Comestibles  ('%')
  w - 2 uncursed apples
  q - 2 uncursed cream pies
  d - 2 uncursed food rations
 Scrolls  ('?')
  D - an uncursed scroll of remove curse
  s - an uncursed scroll of teleportation
 Potions  ('!')
  g - an uncursed potion of acid
  l - a blessed potion of healing
  h - an uncursed potion of monster detection
  o - an uncursed potion of speed
 Wands    ('/')
  t - a wand of magic missile (0:6)
  H - a wand of nothing (0:13)
  u - a wand of sleep (0:3)
 Tools    ('(')
  A - an uncursed blindfold
  e - an uncursed credit card
  x - an uncursed skeleton key
 Gems/Stones  ('*')
  y - 2 uncursed worthless pieces of black glass
  j - an uncursed worthless piece of yellowish brown glass

Grufus the Valkyrie's attributes:

Background:
 You were a Skirmisher, a level 5 dwarven Valkyrie.
 You were lawful, on a mission for Tyr
 who was opposed by Odin (neutral) and Loki (chaotic).
 You were right-handed.
 You were in the Gnomish Mines, on level 7.
 You entered the dungeon 3956 turns ago.
 You had 190 experience points, 130 more were needed to attain level 6.

Basics:
 You had 0 out of 58 hit points.
 You had all 4 energy points (spell power).
 Your armor class was 5.
 Your wallet contained 54 zorkmids.
 Autopickup was off.

Final Characteristics:
 Your strength was 17 (limit:18/100).
 Your dexterity was 13 (limit:20).
 Your constitution was 20 (limit:20).
 Your intelligence was 11 (limit:16).
 Your wisdom was 7 (limit:16).
 Your charisma was 8 (limit:16).

Final Status:
 You weren't hungry.
 You were unencumbered.
 You were wielding a long sword.
 You were unskilled in long sword.

Final Attributes:
 You were piously aligned.
 You were cold resistant.
 You had infravision.
 You were stealthy.
 You are dead.

Miscellaneous:
 You didn't encounter any bones levels.
 Total elapsed playing time was 1 hour, 49 minutes and 20 seconds.

Major events:
 Turn
    1: Grufus the lawful dwarven Valkyrie entered the dungeon
 1379: attained the rank of Skirmisher (level 3)
 1406: entered the Gnomish Mines
 3053: reached Mine Town
 3956: killed by a water moccasin

You didn't know any spells.

Skills:
 Fighting Skills
   bare handed combat [Unskilled]
   two weapon combat  [Unskilled]
   riding             [Unskilled]
 Weapon Skills
   dagger             [Basic]
   axe                [Unskilled]
   pick-axe           [Unskilled]
   short sword        [Unskilled]
   broadsword         [Unskilled]
   long sword         [Unskilled]
   two-handed sword   [Unskilled]
   saber              [Unskilled]
   hammer             [Unskilled]
   quarterstaff       [Unskilled]
   polearms           [Unskilled]
   spear              [Basic]
   trident            [Unskilled]
   lance              [Unskilled]
   sling              [Unskilled]
 Spellcasting Skills
   attack spells      [Unskilled]
   escape spells      [Unskilled]

Voluntary challenges:
 Character rerolling was not enabled.
 You never genocided any monsters.
 You never polymorphed an object.
 You never changed form.
 You used no wishes.
Achievements:
 You attained the rank of Skirmisher.
 You entered the Gnomish Mines.
 You entered Minetown.
 You entered a temple.
 You entered a shop.

 The Dungeons of Doom: levels 1 to 3
    Level 1:
       A fountain.
    Level 2:
       An altar.
    Level 3:
       An altar to Tyr, a sink.
       Stairs down to The Gnomish Mines.
 The Gnomish Mines: levels 4 to 7
    Level 4:
    Level 5:
    Level 6:
    Level 7: <- You were here.
       Many shops, a temple and an altar to Tyr, some fountains.
       Final resting place for
          you, killed by a water moccasin.


Vanquished creatures:
  a leprechaun
  a blue jelly
  2 imps
  2 rock piercers
  2 yellow lights
  6 gnome leaders
  3 gnomish wizards
  a floating eye
  a homunculus
  2 hill orcs
  2 rothes
  a centipede
  3 acid blobs
  a hobbit
  4 giant rats
  2 brown molds
 26 gnomes
  4 geckos
  8 jackals
  2 foxes
  2 goblins
  a sewer rat
  7 grid bugs
  a bat
  2 lichens
  a kobold zombie
 12 newts
100 creatures vanquished.

No species were genocided or became extinct.

Game over:
                       ----------
                      /          \
                     /    REST    \
                    /      IN      \
                   /     PEACE      \
                  /                  \
                  |      Grufus      |
                  |      54 Au       |
                  |   killed by a    |
                  |  water moccasin  |
                  |                  |
                  |                  |
                  |       2026       |
                 *|     *  *  *      | *
        _________)/\\_//(\/(/\)/\//\/|_)_______

Farvel Grufus the Valkyrie...

You died in The Gnomish Mines on dungeon level 7 with 1119 points,
and 54 pieces of gold, after 3956 moves.
You were level 5 with a maximum of 58 hit points when you died.

